[ AOE2 MATCH · #475000950 ]
UnrankedFranks vs Goths
Player's team · LOSS
[ REPLAY ANALYSIS · EXTRACTED FROM THE RECORDED GAME ]
Feudal
7:38
Castle
11:33
Imperial
24:40
| APM avg | 34.8 |
| APM peak | 70 |
| eAPM avg | 18.5 |
| Villagers / military | 123 / 190 |
Focus
⚔️ 43.6% · 🌾 56.4%
Spearman ×74 · Knight ×63 · Throwing Axeman ×42 · Trade Cart ×9 · Scout Cavalry ×6 · Trebuchet (Packed) ×5
Feudal
9:25
Castle
13:33
Imperial
32:21
| APM avg | 66.2 |
| APM peak | 114 |
| eAPM avg | 51.5 |
| Villagers / military | 184 / 285 |
Focus
⚔️ 26.9% · 🌾 73.1%
Spearman ×221 · Huskarl ×48 · Battering Ram ×12 · Mangonel ×3 · Trade Cart ×3 · Scorpion ×1
Feudal
8:50
Castle
14:27
Imperial
27:31
| APM avg | 21.0 |
| APM peak | 37 |
| eAPM avg | 16.9 |
| Villagers / military | 255 / 213 |
Focus
⚔️ 28.5% · 🌾 71.5%
Spearman ×113 · Knight ×81 · Battering Ram ×11 · Trebuchet (Packed) ×6 · Monk ×2
Feudal
8:24
Castle
15:55
Imperial
29:58
| APM avg | 23.1 |
| APM peak | 51 |
| eAPM avg | 18.0 |
| Villagers / military | 177 / 199 |
Focus
⚔️ 33.8% · 🌾 66.2%
Knight ×173 · Battering Ram ×26
Feudal
8:34
Castle
13:45
Imperial
21:02
| APM avg | 26.4 |
| APM peak | 59 |
| eAPM avg | 18.7 |
| Villagers / military | 142 / 923 |
Focus
⚔️ 42.7% · 🌾 57.3%
Scout Cavalry ×824 · Obuch ×66 · Battering Ram ×32 · Knight ×1
Feudal
8:47
Castle
12:54
Imperial
37:38
| APM avg | 40.3 |
| APM peak | 98 |
| eAPM avg | 16.6 |
| Villagers / military | 267 / 170 |
Focus
⚔️ 35.0% · 🌾 65.0%
Archer ×99 · Mameluke ×61 · Scout Cavalry ×10
Match map
Initial resources + every placement click. Lines = walls · curves = elevation contours. ◆ gold · ⬟ stone · ● berries · ✦ relic · ◌ wall gap
Inputs per minute
— d096520 - - 330609350
Build order — d096520
First 150 of 548 actions detected
| 0:00 | Create | Villager (Male) |
| 0:01 | Create | Villager (Male) |
| 0:01 | Create | Villager (Male) |
| 0:02 | Create | Villager (Male) |
| 0:02 | Create | Villager (Male) |
| 0:28 | Build | Lumber Camp |
| 0:51 | Create | Villager (Male) |
| 1:01 | Build | Mill |
| 1:25 | Create | Villager (Male) |
| 1:53 | Create | Villager (Male) |
| 2:11 | Create | Villager (Male) |
| 2:25 | Create | Villager (Male) |
| 2:50 | Create | Villager (Male) |
| 2:56 | Create | Villager (Male) |
| 3:22 | Create | Villager (Male) |
| 3:54 | Create | Villager (Male) |
| 5:06 | Build | Farm |
| 5:18 | Build | Mining Camp |
| 5:22 | Build | Farm |
| 5:28 | Research | Feudal Age |
| 5:29 | Research | Feudal Age |
| 5:46 | Create | Villager (Male) |
| 5:46 | Create | Villager (Male) |
| 6:51 | Build | Farm |
| 7:18 | Build | Farm |
| 7:38 | Age | Feudal Age |
| 7:45 | Build | Market |
| 7:49 | Build | Blacksmith |
| 8:27 | Research | Loom |
| 8:43 | Research | Castle Age |
| 9:01 | Research | Double-Bit Axe |
| 9:23 | Build | Farm |
| 10:19 | Build | Lumber Camp |
| 11:19 | Create | Villager (Male) |
| 11:19 | Create | Villager (Male) |
| 11:33 | Age | Castle Age |
| 11:40 | Build | Town Center |
| 11:47 | Build | Farm |
| 12:15 | Research | Bow Saw |
| 12:16 | Research | Bow Saw |
| 12:18 | Create | Villager (Male) |
| 12:48 | Create | Villager (Male) |
| 13:06 | Create | Villager (Male) |
| 13:15 | Create | Villager (Male) |
| 13:16 | Create | Villager (Male) |
| 13:21 | Build | Farm |
| 13:34 | Build | Town Center |
| 13:37 | Create | Villager (Male) |
| 13:39 | Create | Villager (Male) |
| 13:51 | Build | Farm |
| 13:54 | Build | Farm |
| 14:00 | Create | Villager (Male) |
| 14:12 | Create | Villager (Male) |
| 14:14 | Build | Farm |
| 14:16 | Build | Farm |
| 14:25 | Create | Villager (Male) |
| 14:33 | Build | Farm |
| 14:35 | Build | Farm |
| 14:41 | Create | Villager (Male) |
| 14:44 | Create | Villager (Male) |
| 14:58 | Create | Villager (Male) |
| 15:00 | Create | Villager (Male) |
| 15:16 | Build | Farm |
| 15:17 | Build | Farm |
| 15:18 | Build | Farm |
| 15:20 | Build | Farm |
| 15:26 | Create | Villager (Male) |
| 15:28 | Create | Villager (Male) |
| 15:30 | Create | Villager (Male) |
| 15:44 | Research | Stone Mining |
| 15:48 | Create | Villager (Male) |
| 15:50 | Create | Villager (Male) |
| 16:14 | Build | Farm |
| 16:22 | Build | Farm |
| 16:24 | Research | Wheelbarrow |
| 16:29 | Create | Villager (Male) |
| 16:32 | Create | Villager (Male) |
| 16:35 | Build | Farm |
| 16:48 | Create | Villager (Male) |
| 16:52 | Build | Farm |
| 17:00 | Create | Villager (Male) |
| 17:01 | Create | Villager (Male) |
| 17:07 | Build | Farm |
| 17:11 | Create | Villager (Male) |
| 17:23 | Create | Villager (Male) |
| 17:25 | Create | Villager (Male) |
| 17:27 | Create | Villager (Male) |
| 17:40 | Create | Villager (Male) |
| 17:41 | Create | Villager (Male) |
| 17:44 | Create | Villager (Male) |
| 18:05 | Create | Villager (Male) |
| 18:10 | Build | House |
| 18:18 | Build | Farm |
| 18:21 | Research | Hand Cart |
| 18:26 | Research | Town Watch |
| 18:40 | Build | House |
| 18:42 | Build | House |
| 18:44 | Build | House |
| 18:45 | Build | House |
| 18:46 | Build | House |
| 18:50 | Create | Villager (Male) |
| 18:57 | Build | Farm |
| 18:58 | Build | Farm |
| 19:00 | Build | Farm |
| 19:02 | Build | Farm |
| 19:04 | Build | Farm |
| 19:06 | Create | Villager (Male) |
| 19:10 | Create | Villager (Male) |
| 19:18 | Create | Villager (Male) |
| 19:23 | Create | Villager (Male) |
| 19:24 | Create | Villager (Male) |
| 19:41 | Build | Farm |
| 19:45 | Create | Villager (Male) |
| 19:47 | Create | Villager (Male) |
| 19:50 | Create | Villager (Male) |
| 19:54 | Build | Farm |
| 19:56 | Build | Farm |
| 20:01 | Build | Farm |
| 20:03 | Build | Farm |
| 20:07 | Build | Farm |
| 20:08 | Build | Mill |
| 20:11 | Create | Villager (Male) |
| 20:11 | Create | Villager (Male) |
| 20:13 | Create | Villager (Male) |
| 20:15 | Create | Villager (Male) |
| 20:20 | Build | Farm |
| 20:27 | Create | Villager (Male) |
| 20:34 | Create | Villager (Male) |
| 20:39 | Create | Villager (Male) |
| 20:44 | Build | Barracks |
| 20:53 | Build | House |
| 20:54 | Build | House |
| 20:54 | Build | House |
| 20:54 | Build | House |
| 20:55 | Build | House |
| 20:55 | Build | House |
| 20:56 | Build | House |
| 20:56 | Build | House |
| 20:57 | Build | House |
| 21:05 | Create | Villager (Male) |
| 21:15 | Research | Imperial Age |
| 21:17 | Create | Villager (Male) |
| 21:42 | Create | Villager (Male) |
| 21:45 | Create | Villager (Male) |
| 21:54 | Build | Stable |
| 21:58 | Research | Pikeman (upgrade) |
| 21:58 | Research | Squires |
| 22:01 | Research | Scale Mail Armor |
| 22:02 | Research | Forging |
| 22:02 | Research | Forging |
Build order — 330609350
First 150 of 758 actions detected
| 0:02 | Create | Villager (Male) |
| 0:02 | Create | Villager (Male) |
| 0:02 | Create | Villager (Male) |
| 0:04 | Research | Loom |
| 0:04 | Research | Loom |
| 0:04 | Create | Villager (Male) |
| 0:04 | Research | Loom |
| 0:08 | Build | Lumber Camp |
| 0:18 | Create | Villager (Male) |
| 0:18 | Create | Villager (Male) |
| 0:18 | Create | Villager (Male) |
| 0:26 | Build | Mill |
| 1:44 | Create | Villager (Male) |
| 1:44 | Create | Villager (Male) |
| 2:28 | Create | Villager (Male) |
| 2:28 | Create | Villager (Male) |
| 3:04 | Create | Villager (Male) |
| 3:04 | Create | Villager (Male) |
| 3:20 | Create | Villager (Male) |
| 3:21 | Create | Villager (Male) |
| 3:54 | Create | Villager (Male) |
| 3:54 | Create | Villager (Male) |
| 3:55 | Create | Villager (Male) |
| 3:55 | Create | Villager (Male) |
| 3:56 | Create | Villager (Male) |
| 3:56 | Create | Villager (Male) |
| 4:28 | Create | Villager (Male) |
| 4:29 | Create | Villager (Male) |
| 4:29 | Create | Villager (Male) |
| 4:29 | Create | Villager (Male) |
| 4:48 | Build | Mining Camp |
| 5:21 | Create | Villager (Male) |
| 5:35 | Create | Villager (Male) |
| 6:02 | Create | Villager (Male) |
| 6:19 | Build | Farm |
| 6:24 | Build | Farm |
| 6:25 | Build | Farm |
| 6:34 | Build | Farm |
| 6:37 | Build | Farm |
| 6:44 | Build | Farm |
| 6:55 | Build | Farm |
| 7:09 | Research | Feudal Age |
| 7:09 | Research | Feudal Age |
| 9:15 | Create | Villager (Male) |
| 9:20 | Create | Villager (Male) |
| 9:25 | Age | Feudal Age |
| 9:28 | Build | Market |
| 9:34 | Build | Blacksmith |
| 9:42 | Research | Horse Collar |
| 10:01 | Build | Lumber Camp |
| 10:09 | Research | Double-Bit Axe |
| 10:28 | Create | Villager (Male) |
| 10:35 | Build | Farm |
| 10:37 | Research | Castle Age |
| 10:37 | Research | Castle Age |
| 10:53 | Create | Spearman |
| 10:57 | Create | Spearman |
| 11:05 | Create | Spearman |
| 11:13 | Build | Farm |
| 11:33 | Build | House |
| 11:34 | Build | House |
| 12:00 | Research | Forging |
| 12:00 | Research | Scale Mail Armor |
| 12:00 | Research | Scale Mail Armor |
| 12:07 | Research | Gold Mining |
| 12:26 | Create | Villager (Male) |
| 12:42 | Create | Spearman |
| 12:53 | Build | Farm |
| 13:09 | Create | Villager (Male) |
| 13:29 | Create | Villager (Male) |
| 13:33 | Age | Castle Age |
| 13:37 | Build | Siege Workshop |
| 13:41 | Create | Villager (Male) |
| 13:47 | Build | Town Center |
| 13:51 | Create | Villager (Male) |
| 13:57 | Create | Huskarl |
| 13:57 | Create | Huskarl |
| 13:58 | Create | Huskarl |
| 13:58 | Create | Huskarl |
| 13:58 | Create | Huskarl |
| 14:10 | Create | Villager (Male) |
| 14:13 | Build | Farm |
| 14:28 | Build | Lumber Camp |
| 14:40 | Create | Villager (Male) |
| 14:44 | Create | Villager (Male) |
| 14:59 | Create | Huskarl |
| 15:11 | Create | Battering Ram |
| 15:20 | Create | Villager (Male) |
| 15:21 | Create | Villager (Male) |
| 15:28 | Create | Huskarl |
| 15:29 | Create | Huskarl |
| 15:33 | Create | Villager (Male) |
| 15:52 | Create | Villager (Male) |
| 15:55 | Create | Villager (Male) |
| 16:02 | Create | Spearman |
| 16:03 | Create | Spearman |
| 16:08 | Build | Farm |
| 16:09 | Build | Farm |
| 16:13 | Build | Farm |
| 16:14 | Build | Farm |
| 16:26 | Create | Villager (Male) |
| 16:27 | Create | Villager (Male) |
| 16:31 | Create | Battering Ram |
| 16:32 | Create | Battering Ram |
| 16:47 | Create | Villager (Male) |
| 17:00 | Build | Farm |
| 17:15 | Build | House |
| 17:19 | Build | House |
| 17:26 | Create | Battering Ram |
| 17:29 | Create | Villager (Male) |
| 17:29 | Create | Villager (Male) |
| 17:36 | Research | Wheelbarrow |
| 17:36 | Research | Wheelbarrow |
| 17:43 | Build | Farm |
| 17:44 | Build | Farm |
| 17:48 | Create | Villager (Male) |
| 17:57 | Create | Huskarl |
| 18:03 | Create | Spearman |
| 18:03 | Create | Spearman |
| 18:25 | Build | House |
| 18:26 | Build | House |
| 18:28 | Create | Villager (Male) |
| 18:28 | Create | Villager (Male) |
| 18:30 | Build | Farm |
| 18:30 | Build | Farm |
| 18:35 | Create | Villager (Male) |
| 18:36 | Create | Villager (Male) |
| 18:51 | Create | Battering Ram |
| 18:55 | Research | Squires |
| 19:01 | Create | Huskarl |
| 19:02 | Create | Huskarl |
| 19:39 | Create | Villager (Male) |
| 19:39 | Create | Villager (Male) |
| 19:41 | Build | Farm |
| 19:41 | Build | Farm |
| 19:42 | Build | Farm |
| 19:42 | Build | Farm |
| 19:43 | Build | Farm |
| 20:56 | Create | Villager (Male) |
| 20:56 | Create | Villager (Male) |
| 20:56 | Create | Villager (Male) |
| 20:58 | Build | Farm |
| 20:58 | Build | Farm |
| 21:22 | Create | Villager (Male) |
| 21:22 | Create | Villager (Male) |
| 21:22 | Create | Villager (Male) |
| 21:33 | Build | Town Center |
| 21:35 | Create | Villager (Male) |
| 21:38 | Create | Villager (Male) |
| 21:39 | Create | Villager (Male) |
Build order — JumboFeet19
First 150 of 603 actions detected
| 0:04 | Build | House |
| 0:06 | Build | House |
| 0:24 | Create | Villager (Male) |
| 0:24 | Create | Villager (Male) |
| 0:25 | Create | Villager (Male) |
| 0:25 | Create | Villager (Male) |
| 0:25 | Create | Villager (Male) |
| 0:25 | Create | Villager (Male) |
| 0:40 | Build | Lumber Camp |
| 1:19 | Research | Loom |
| 1:31 | Build | Outpost |
| 2:03 | Create | Villager (Male) |
| 2:03 | Create | Villager (Male) |
| 3:13 | Create | Villager (Male) |
| 3:19 | Build | Mill |
| 3:30 | Create | Villager (Male) |
| 3:53 | Create | Villager (Male) |
| 4:10 | Create | Villager (Male) |
| 4:28 | Create | Villager (Male) |
| 5:01 | Create | Villager (Male) |
| 5:02 | Create | Villager (Male) |
| 5:41 | Create | Villager (Male) |
| 5:51 | Create | Villager (Male) |
| 6:29 | Research | Feudal Age |
| 6:59 | Build | Mining Camp |
| 7:04 | Build | Farm |
| 7:05 | Build | Farm |
| 7:08 | Create | Villager (Male) |
| 7:08 | Create | Villager (Male) |
| 7:46 | Create | Villager (Male) |
| 8:17 | Build | Farm |
| 8:21 | Build | Farm |
| 8:50 | Age | Feudal Age |
| 8:51 | Research | Double-Bit Axe |
| 9:00 | Create | Villager (Male) |
| 9:21 | Build | Farm |
| 9:47 | Build | Market |
| 9:53 | Create | Villager (Male) |
| 10:30 | Build | Blacksmith |
| 10:41 | Create | Villager (Male) |
| 10:44 | Build | Farm |
| 11:19 | Build | Lumber Camp |
| 11:22 | Create | Villager (Male) |
| 11:22 | Create | Villager (Male) |
| 11:23 | Create | Villager (Male) |
| 11:34 | Research | Castle Age |
| 11:41 | Build | Farm |
| 12:00 | Create | Villager (Male) |
| 12:26 | Build | Stable |
| 12:46 | Research | Scale Barding Armor |
| 13:01 | Research | Gold Mining |
| 14:27 | Age | Castle Age |
| 14:35 | Build | Town Center |
| 14:49 | Build | Town Center |
| 14:54 | Research | Wheelbarrow |
| 14:57 | Research | Bow Saw |
| 14:59 | Research | Gold Shaft Mining |
| 15:07 | Create | Knight |
| 15:48 | Create | Villager (Male) |
| 15:49 | Create | Villager (Male) |
| 16:03 | Build | Farm |
| 16:03 | Build | Farm |
| 16:03 | Build | Farm |
| 16:03 | Build | Farm |
| 16:03 | Build | Farm |
| 16:13 | Create | Villager (Male) |
| 16:15 | Create | Villager (Male) |
| 16:19 | Create | Villager (Male) |
| 16:48 | Create | Villager (Male) |
| 16:49 | Create | Villager (Male) |
| 16:59 | Create | Villager (Male) |
| 16:59 | Create | Villager (Male) |
| 17:04 | Build | Farm |
| 17:04 | Build | Farm |
| 17:04 | Build | Farm |
| 17:10 | Create | Villager (Male) |
| 17:10 | Create | Villager (Male) |
| 17:31 | Create | Villager (Male) |
| 17:31 | Create | Villager (Male) |
| 17:31 | Create | Villager (Male) |
| 17:31 | Create | Villager (Male) |
| 17:35 | Build | Farm |
| 17:42 | Build | Farm |
| 17:43 | Build | Farm |
| 17:44 | Build | Farm |
| 17:49 | Create | Villager (Male) |
| 17:49 | Create | Villager (Male) |
| 17:56 | Build | Farm |
| 18:00 | Create | Villager (Male) |
| 18:00 | Create | Villager (Male) |
| 18:01 | Create | Villager (Male) |
| 18:01 | Create | Villager (Male) |
| 18:36 | Create | Villager (Male) |
| 18:37 | Create | Villager (Male) |
| 18:37 | Create | Villager (Male) |
| 18:37 | Create | Villager (Male) |
| 18:37 | Create | Villager (Male) |
| 18:39 | Create | Villager (Male) |
| 18:47 | Build | Farm |
| 18:48 | Build | Farm |
| 18:48 | Build | Farm |
| 18:48 | Build | Farm |
| 18:48 | Build | Farm |
| 18:49 | Build | Farm |
| 18:49 | Build | Farm |
| 18:49 | Build | Farm |
| 18:54 | Create | Villager (Male) |
| 18:54 | Create | Villager (Male) |
| 19:11 | Build | Town Center |
| 19:16 | Create | Villager (Male) |
| 19:17 | Create | Villager (Male) |
| 19:17 | Create | Villager (Male) |
| 19:17 | Create | Villager (Male) |
| 19:52 | Create | Villager (Male) |
| 19:53 | Create | Villager (Male) |
| 19:59 | Research | Hand Cart |
| 20:07 | Build | Farm |
| 20:16 | Create | Villager (Male) |
| 20:16 | Create | Villager (Male) |
| 20:17 | Create | Villager (Male) |
| 20:20 | Build | Farm |
| 20:30 | Create | Villager (Male) |
| 20:30 | Create | Villager (Male) |
| 20:30 | Create | Villager (Male) |
| 20:35 | Build | House |
| 20:36 | Build | House |
| 20:36 | Build | House |
| 20:39 | Build | House |
| 20:41 | Build | House |
| 20:42 | Build | House |
| 20:51 | Create | Villager (Male) |
| 20:51 | Create | Villager (Male) |
| 20:51 | Create | Villager (Male) |
| 20:51 | Create | Villager (Male) |
| 20:52 | Create | Villager (Male) |
| 20:52 | Create | Villager (Male) |
| 21:39 | Create | Villager (Male) |
| 21:39 | Create | Villager (Male) |
| 21:39 | Create | Villager (Male) |
| 21:39 | Create | Villager (Male) |
| 21:39 | Create | Villager (Male) |
| 21:40 | Create | Villager (Male) |
| 21:40 | Create | Villager (Male) |
| 21:40 | Create | Villager (Male) |
| 21:40 | Create | Villager (Male) |
| 21:40 | Create | Villager (Male) |
| 21:47 | Build | Farm |
| 21:47 | Build | Farm |
| 21:47 | Build | Farm |
| 21:48 | Build | Farm |
Build order — Tellyourmumthanksforlastnight
First 150 of 590 actions detected
| 0:01 | Create | Villager (Male) |
| 0:01 | Create | Villager (Male) |
| 0:01 | Create | Villager (Male) |
| 0:03 | Build | House |
| 0:29 | Build | Lumber Camp |
| 1:12 | Create | Villager (Male) |
| 1:40 | Create | Villager (Male) |
| 2:01 | Create | Villager (Male) |
| 2:46 | Create | Villager (Male) |
| 2:47 | Create | Villager (Male) |
| 3:03 | Create | Villager (Male) |
| 3:58 | Create | Villager (Male) |
| 4:14 | Build | Mill |
| 4:17 | Create | Villager (Male) |
| 4:35 | Create | Villager (Male) |
| 5:02 | Create | Villager (Male) |
| 5:34 | Research | Loom |
| 6:14 | Research | Feudal Age |
| 6:37 | Build | Farm |
| 6:40 | Build | Farm |
| 6:44 | Build | Farm |
| 6:48 | Build | Farm |
| 6:57 | Build | Mining Camp |
| 8:03 | Create | Villager (Male) |
| 8:03 | Create | Villager (Male) |
| 8:24 | Age | Feudal Age |
| 8:25 | Build | Town Center |
| 8:32 | Research | Double-Bit Axe |
| 8:48 | Build | Blacksmith |
| 9:08 | Create | Villager (Male) |
| 9:22 | Create | Villager (Male) |
| 9:42 | Create | Villager (Male) |
| 9:51 | Create | Villager (Male) |
| 9:52 | Create | Villager (Male) |
| 10:05 | Create | Villager (Male) |
| 10:07 | Create | Villager (Male) |
| 10:25 | Research | Horse Collar |
| 10:39 | Create | Villager (Male) |
| 10:54 | Create | Villager (Male) |
| 11:10 | Build | Market |
| 11:12 | Create | Villager (Male) |
| 11:13 | Create | Villager (Male) |
| 11:22 | Build | Farm |
| 11:35 | Build | Farm |
| 11:41 | Create | Villager (Male) |
| 11:42 | Create | Villager (Male) |
| 11:49 | Build | Farm |
| 12:06 | Create | Villager (Male) |
| 12:34 | Build | Lumber Camp |
| 13:15 | Research | Castle Age |
| 13:21 | Build | Farm |
| 13:50 | Build | Siege Workshop |
| 14:30 | Research | Gold Mining |
| 14:34 | Create | Villager (Male) |
| 14:34 | Create | Villager (Male) |
| 14:41 | Build | Farm |
| 14:41 | Build | Farm |
| 14:42 | Build | Farm |
| 14:42 | Build | Farm |
| 14:43 | Build | Farm |
| 14:58 | Create | Villager (Male) |
| 14:59 | Create | Villager (Male) |
| 15:25 | Build | House |
| 15:25 | Build | House |
| 15:26 | Build | House |
| 15:27 | Build | House |
| 15:55 | Age | Castle Age |
| 15:59 | Build | Town Center |
| 16:05 | Create | Battering Ram |
| 16:12 | Create | Villager (Male) |
| 16:13 | Create | Villager (Male) |
| 16:22 | Create | Villager (Male) |
| 16:23 | Create | Villager (Male) |
| 16:41 | Create | Villager (Male) |
| 16:41 | Create | Villager (Male) |
| 17:13 | Build | Siege Workshop |
| 17:23 | Create | Villager (Male) |
| 17:24 | Create | Villager (Male) |
| 17:26 | Create | Villager (Male) |
| 17:29 | Build | Siege Workshop |
| 17:37 | Create | Villager (Male) |
| 17:37 | Create | Villager (Male) |
| 17:38 | Create | Villager (Male) |
| 17:46 | Create | Villager (Male) |
| 17:46 | Create | Villager (Male) |
| 17:57 | Create | Battering Ram |
| 18:03 | Build | Farm |
| 18:07 | Build | Farm |
| 18:23 | Build | Lumber Camp |
| 18:36 | Create | Villager (Male) |
| 18:38 | Create | Battering Ram |
| 19:06 | Research | Capped Ram (upgrade) |
| 19:20 | Create | Battering Ram |
| 19:25 | Create | Villager (Male) |
| 19:35 | Build | Farm |
| 19:35 | Build | Farm |
| 19:35 | Build | Farm |
| 19:36 | Build | Farm |
| 19:36 | Build | Farm |
| 19:36 | Build | Farm |
| 19:36 | Build | Farm |
| 19:37 | Build | Farm |
| 19:37 | Build | Farm |
| 19:37 | Build | Farm |
| 19:50 | Create | Villager (Male) |
| 19:51 | Create | Villager (Male) |
| 19:51 | Create | Villager (Male) |
| 20:13 | Create | Battering Ram |
| 20:14 | Create | Battering Ram |
| 20:16 | Create | Villager (Male) |
| 20:16 | Create | Villager (Male) |
| 20:16 | Create | Villager (Male) |
| 20:29 | Build | House |
| 20:30 | Build | House |
| 20:31 | Build | House |
| 20:31 | Build | House |
| 20:31 | Build | House |
| 20:36 | Build | Farm |
| 20:43 | Create | Villager (Male) |
| 20:44 | Create | Villager (Male) |
| 20:44 | Create | Villager (Male) |
| 21:12 | Build | Stable |
| 21:13 | Build | Stable |
| 21:16 | Create | Villager (Male) |
| 21:16 | Create | Villager (Male) |
| 21:16 | Create | Villager (Male) |
| 21:17 | Create | Villager (Male) |
| 21:36 | Research | Bow Saw |
| 21:41 | Build | Mill |
| 21:42 | Build | Farm |
| 21:42 | Build | Farm |
| 21:42 | Build | Farm |
| 21:43 | Build | Farm |
| 21:43 | Build | Farm |
| 21:43 | Build | Farm |
| 21:43 | Build | Farm |
| 21:43 | Build | Farm |
| 21:44 | Build | Farm |
| 21:49 | Create | Villager (Male) |
| 21:50 | Create | Villager (Male) |
| 21:50 | Create | Villager (Male) |
| 22:10 | Research | Bloodlines |
| 22:21 | Create | Villager (Male) |
| 22:22 | Create | Villager (Male) |
| 22:32 | Build | Farm |
| 22:34 | Create | Villager (Male) |
| 22:42 | Build | Farm |
| 22:42 | Build | Farm |
| 22:43 | Build | Farm |
| 22:58 | Create | Villager (Male) |
Build order — violet
First 150 of 598 actions detected
| 0:01 | Create | Villager (Male) |
| 0:02 | Create | Villager (Male) |
| 0:05 | Build | Lumber Camp |
| 0:14 | Create | Villager (Male) |
| 0:21 | Create | Villager (Male) |
| 1:18 | Create | Villager (Male) |
| 1:46 | Create | Villager (Male) |
| 2:06 | Create | Villager (Male) |
| 3:04 | Create | Villager (Male) |
| 3:04 | Create | Villager (Male) |
| 3:04 | Create | Villager (Male) |
| 3:04 | Create | Villager (Male) |
| 3:59 | Create | Villager (Male) |
| 4:05 | Build | Mill |
| 4:16 | Create | Villager (Male) |
| 4:25 | Create | Villager (Male) |
| 4:54 | Build | Farm |
| 4:57 | Build | Farm |
| 5:00 | Build | Farm |
| 5:13 | Build | Farm |
| 5:17 | Build | Farm |
| 5:19 | Build | Farm |
| 5:24 | Build | Farm |
| 5:33 | Create | Villager (Male) |
| 5:47 | Build | Farm |
| 5:55 | Create | Villager (Male) |
| 6:10 | Build | Mining Camp |
| 6:23 | Research | Feudal Age |
| 7:02 | Create | Villager (Male) |
| 7:03 | Create | Villager (Male) |
| 8:03 | Build | Mill |
| 8:09 | Build | Farm |
| 8:09 | Build | Farm |
| 8:10 | Build | Farm |
| 8:11 | Build | Farm |
| 8:17 | Build | Farm |
| 8:34 | Age | Feudal Age |
| 8:46 | Build | Market |
| 9:18 | Create | Villager (Male) |
| 9:50 | Create | Villager (Male) |
| 9:54 | Create | Villager (Male) |
| 10:18 | Build | Blacksmith |
| 10:20 | Create | Villager (Male) |
| 10:45 | Create | Villager (Male) |
| 10:54 | Create | Villager (Male) |
| 11:00 | Research | Castle Age |
| 11:07 | Build | House |
| 11:16 | Build | Farm |
| 11:29 | Research | Double-Bit Axe |
| 11:53 | Research | Horse Collar |
| 12:30 | Create | Villager (Male) |
| 12:36 | Create | Villager (Male) |
| 13:18 | Build | Farm |
| 13:18 | Build | Farm |
| 13:45 | Age | Castle Age |
| 13:47 | Build | Town Center |
| 13:49 | Create | Villager (Male) |
| 13:54 | Build | Farm |
| 14:02 | Create | Villager (Male) |
| 14:08 | Research | Loom |
| 14:08 | Research | Wheelbarrow |
| 14:14 | Research | Gold Mining |
| 14:47 | Create | Villager (Male) |
| 15:20 | Build | Town Center |
| 15:22 | Create | Villager (Male) |
| 15:27 | Create | Villager (Male) |
| 15:31 | Create | Villager (Male) |
| 15:47 | Create | Villager (Male) |
| 15:48 | Create | Villager (Male) |
| 15:52 | Create | Villager (Male) |
| 16:05 | Build | Farm |
| 16:17 | Create | Villager (Male) |
| 16:20 | Create | Villager (Male) |
| 16:26 | Create | Villager (Male) |
| 16:37 | Create | Villager (Male) |
| 16:46 | Create | Villager (Male) |
| 16:52 | Create | Villager (Male) |
| 16:57 | Create | Villager (Male) |
| 17:16 | Build | Mining Camp |
| 17:20 | Create | Villager (Male) |
| 17:22 | Build | Farm |
| 17:22 | Build | Farm |
| 17:24 | Create | Villager (Male) |
| 17:39 | Research | Imperial Age |
| 17:42 | Build | Farm |
| 17:54 | Build | Farm |
| 17:55 | Build | Farm |
| 18:04 | Build | Farm |
| 18:07 | Build | Farm |
| 18:16 | Create | Villager (Male) |
| 18:18 | Create | Villager (Male) ×2 |
| 18:32 | Build | Town Center |
| 18:40 | Create | Villager (Male) |
| 18:48 | Create | Villager (Male) |
| 18:49 | Create | Villager (Male) |
| 19:08 | Build | Farm |
| 19:08 | Build | Farm |
| 19:14 | Build | Farm |
| 19:14 | Build | Farm |
| 19:31 | Build | Mill |
| 19:33 | Build | Farm |
| 19:33 | Build | Farm |
| 19:34 | Build | Farm |
| 19:34 | Build | Farm |
| 19:35 | Build | Farm |
| 19:35 | Build | Farm |
| 19:40 | Create | Villager (Male) ×3 |
| 20:17 | Create | Villager (Male) ×5 |
| 20:18 | Create | Villager (Male) ×2 |
| 20:20 | Build | Farm |
| 20:21 | Build | Farm |
| 20:21 | Build | Farm |
| 20:30 | Build | Farm |
| 20:31 | Build | Farm |
| 20:33 | Create | Villager (Male) |
| 20:42 | Create | Villager (Male) |
| 21:02 | Age | Imperial Age |
| 21:07 | Build | Mill |
| 21:08 | Build | Farm |
| 21:08 | Build | Farm |
| 21:08 | Build | Farm |
| 21:08 | Build | Farm |
| 21:09 | Build | Farm |
| 21:09 | Build | Farm |
| 21:09 | Build | Farm |
| 21:15 | Create | Villager (Male) ×5 |
| 21:30 | Research | Bow Saw |
| 21:52 | Research | Heavy Plow |
| 21:55 | Create | Villager (Male) |
| 22:03 | Build | Mill |
| 22:04 | Build | Farm |
| 22:04 | Build | Farm |
| 22:04 | Build | Farm |
| 22:04 | Build | Farm |
| 22:05 | Build | Farm |
| 22:05 | Build | Farm |
| 22:06 | Build | Farm |
| 22:22 | Create | Villager (Male) ×4 |
| 22:25 | Create | Villager (Male) |
| 22:37 | Research | Crop Rotation |
| 22:49 | Build | Mill |
| 22:50 | Build | Farm |
| 22:50 | Build | Farm |
| 22:50 | Build | Farm |
| 22:50 | Build | Farm |
| 22:51 | Build | Farm |
| 22:55 | Create | Villager (Male) ×4 |
| 23:02 | Build | Farm |
| 23:05 | Create | Villager (Male) ×3 |
| 23:16 | Build | Mill |
Build order — Li Fangwei
First 150 of 611 actions detected
| 0:00 | Create | Villager (Male) |
| 0:01 | Create | Villager (Male) |
| 0:01 | Create | Villager (Male) |
| 0:01 | Create | Villager (Male) |
| 0:49 | Build | Lumber Camp |
| 1:02 | Create | Villager (Male) |
| 1:35 | Create | Villager (Male) |
| 2:32 | Create | Villager (Male) |
| 2:33 | Create | Villager (Male) |
| 2:33 | Create | Villager (Male) |
| 3:27 | Create | Villager (Male) |
| 3:40 | Create | Villager (Male) |
| 3:44 | Build | Mill |
| 4:07 | Create | Villager (Male) |
| 4:41 | Create | Villager (Male) |
| 5:14 | Build | Farm |
| 5:14 | Build | Farm |
| 5:14 | Build | Farm |
| 5:15 | Build | Farm |
| 5:15 | Build | Farm |
| 5:15 | Build | Farm |
| 5:15 | Build | Farm |
| 5:17 | Build | Farm |
| 5:18 | Build | Farm |
| 5:47 | Create | Villager (Male) |
| 5:47 | Create | Villager (Male) |
| 5:47 | Create | Villager (Male) |
| 6:29 | Build | Mining Camp |
| 6:33 | Research | Feudal Age |
| 8:47 | Age | Feudal Age |
| 8:54 | Create | Villager (Male) |
| 8:54 | Create | Villager (Male) |
| 8:58 | Research | Double-Bit Axe |
| 9:06 | Build | Market |
| 9:09 | Create | Villager (Male) |
| 9:23 | Build | Blacksmith |
| 9:31 | Research | Horse Collar |
| 9:34 | Create | Villager (Male) |
| 10:14 | Research | Castle Age |
| 10:42 | Create | Villager (Male) |
| 11:08 | Create | Villager (Male) |
| 11:29 | Research | Gold Mining |
| 11:52 | Research | Scale Barding Armor |
| 11:54 | Research | Forging |
| 12:16 | Research | Wheelbarrow |
| 12:24 | Research | Wheelbarrow |
| 12:35 | Create | Villager (Male) |
| 12:51 | Create | Villager (Male) |
| 12:54 | Age | Castle Age |
| 12:58 | Create | Mameluke |
| 12:58 | Create | Mameluke |
| 13:27 | Build | Town Center |
| 13:31 | Create | Villager (Male) |
| 13:38 | Build | Farm |
| 13:43 | Create | Mameluke |
| 13:47 | Create | Villager (Male) |
| 14:04 | Research | Gold Shaft Mining |
| 14:10 | Create | Mameluke |
| 14:33 | Create | Villager (Male) |
| 14:52 | Create | Mameluke |
| 14:53 | Create | Villager (Male) |
| 15:01 | Research | Bow Saw |
| 15:01 | Research | Bow Saw |
| 15:21 | Create | Villager (Male) |
| 15:24 | Build | House |
| 15:25 | Build | House |
| 15:26 | Build | House |
| 15:32 | Build | House |
| 15:33 | Build | House |
| 15:35 | Create | Villager (Male) |
| 15:39 | Create | Mameluke |
| 15:41 | Create | Villager (Male) |
| 15:48 | Create | Villager (Male) |
| 16:08 | Create | Villager (Male) |
| 16:17 | Create | Mameluke |
| 16:38 | Create | Villager (Male) |
| 16:48 | Create | Mameluke |
| 16:57 | Create | Villager (Male) |
| 17:08 | Build | Lumber Camp |
| 17:15 | Create | Villager (Male) |
| 17:21 | Build | Farm |
| 17:25 | Build | Farm |
| 17:27 | Create | Villager (Male) |
| 17:39 | Create | Mameluke |
| 17:39 | Create | Mameluke |
| 17:41 | Create | Villager (Male) |
| 18:00 | Build | Farm |
| 18:01 | Create | Villager (Male) |
| 18:07 | Research | Loom |
| 18:15 | Create | Villager (Male) |
| 18:27 | Create | Mameluke |
| 18:27 | Create | Villager (Male) |
| 18:34 | Build | Farm |
| 18:52 | Create | Villager (Male) |
| 18:57 | Create | Mameluke |
| 19:18 | Research | Iron Casting |
| 20:29 | Create | Villager (Male) |
| 20:29 | Create | Villager (Male) |
| 20:29 | Create | Villager (Male) |
| 20:48 | Build | Town Center |
| 21:20 | Create | Villager (Male) |
| 21:20 | Create | Villager (Male) |
| 21:32 | Build | Stone Wall |
| 21:33 | Create | Villager (Male) |
| 21:38 | Create | Villager (Male) |
| 21:43 | Create | Villager (Male) |
| 21:49 | Build | Town Center |
| 22:13 | Create | Mameluke |
| 22:13 | Create | Mameluke |
| 22:14 | Create | Mameluke |
| 22:14 | Create | Mameluke |
| 22:14 | Create | Mameluke |
| 22:14 | Create | Mameluke |
| 22:14 | Create | Mameluke |
| 22:15 | Create | Mameluke |
| 22:29 | Create | Villager (Male) |
| 22:57 | Create | Villager (Male) |
| 22:57 | Create | Villager (Male) |
| 23:06 | Create | Villager (Male) |
| 23:54 | Create | Villager (Male) |
| 23:54 | Create | Villager (Male) |
| 24:10 | Create | Villager (Male) |
| 24:11 | Create | Villager (Male) |
| 24:33 | Create | Villager (Male) |
| 24:37 | Build | House |
| 24:37 | Build | House |
| 24:37 | Build | House |
| 24:38 | Build | House |
| 24:38 | Build | House |
| 24:39 | Build | House |
| 24:53 | Create | Villager (Male) |
| 25:11 | Create | Villager (Male) |
| 25:12 | Create | Villager (Male) |
| 25:34 | Create | Villager (Male) |
| 25:46 | Create | Villager (Male) |
| 25:52 | Build | Farm |
| 25:52 | Build | Farm |
| 25:54 | Build | Farm |
| 25:55 | Build | Farm |
| 25:55 | Build | Farm |
| 25:55 | Build | Farm |
| 25:55 | Build | Farm |
| 25:55 | Build | Farm |
| 25:55 | Build | Farm |
| 25:56 | Build | Farm |
| 25:56 | Build | Farm |
| 25:56 | Build | Farm |
| 25:56 | Build | Farm |
| 25:56 | Build | Farm |
| 25:57 | Build | Farm |
Match timeline
| 7:38 | d096520 · age_up feudal |
| 8:24 | Tellyourmumthanksforlastnight · age_up feudal |
| 8:34 | violet · age_up feudal |
| 8:47 | Li Fangwei · age_up feudal |
| 8:50 | JumboFeet19 · age_up feudal |
| 9:25 | 330609350 · age_up feudal |
| 11:33 | d096520 · age_up castle |
| 12:15 | Tellyourmumthanksforlastnight · first_market_buy 100 food |
| 12:26 | JumboFeet19 · first_building Stable |
| 12:54 | Li Fangwei · age_up castle |
| 13:33 | 330609350 · age_up castle |
| 13:37 | 330609350 · first_building Siege Workshop |
| 13:45 | violet · age_up castle |
| 13:50 | Tellyourmumthanksforlastnight · first_building Siege Workshop |
| 14:27 | JumboFeet19 · age_up castle |
| 14:57 | 330609350 · first_market_buy 100 food |
| 15:55 | Tellyourmumthanksforlastnight · age_up castle |
| 17:37 | Li Fangwei · first_market_buy 100 food |
| 18:24 | violet · first_market_buy 100 stone |
| 18:59 | JumboFeet19 · first_market_buy 100 wood |
| 20:44 | d096520 · first_building Barracks |
| 21:02 | violet · age_up imperial |
| 21:12 | Tellyourmumthanksforlastnight · first_building Stable |
| 21:32 | Li Fangwei · wall_segment Stone Wall x4 |
| 21:54 | d096520 · first_building Stable |
| 22:05 | Li Fangwei · first_market_sell 100 wood |
| 22:55 | 330609350 · first_building Castle |
| 23:19 | 330609350 · first_building Barracks |
| 23:35 | violet · wall_segment Stone Wall x49 |
| 23:46 | violet · wall_segment Stone Wall x10 |
| 24:16 | JumboFeet19 · first_market_sell 100 wood |
| 24:30 | violet · wall_segment Stone Wall x10 |
| 24:40 | d096520 · age_up imperial |
| 25:41 | Tellyourmumthanksforlastnight · first_building Monastery |
| 26:03 | violet · wall_segment Stone Wall x9 |
| 26:27 | JumboFeet19 · first_building Monastery |
| 26:36 | d096520 · wall_segment Stone Wall x8 |
| 26:57 | Li Fangwei · first_building Castle |
| 27:01 | d096520 · first_market_sell 100 wood |
| 27:30 | violet · first_building Stable |
| 27:31 | d096520 · first_building Castle |
| 27:31 | JumboFeet19 · age_up imperial |
| 28:01 | d096520 · wall_segment Stone Wall x8 |
| 28:35 | violet · first_building Castle |
| 29:03 | JumboFeet19 · first_building Siege Workshop |
| 29:23 | violet · first_building Siege Workshop |
| 29:51 | Li Fangwei · first_building Stable |
| 29:58 | Tellyourmumthanksforlastnight · age_up imperial |
| 30:03 | violet · wall_segment Stone Wall x1 |
| 30:27 | JumboFeet19 · first_building Castle |
| 30:33 | d096520 · wall_segment Stone Wall x7 |
| 31:51 | 330609350 · first_market_sell 100 food |
| 32:21 | 330609350 · age_up imperial |
| 32:44 | d096520 · wall_segment Stone Wall x5 |
| 35:01 | Tellyourmumthanksforlastnight · first_building Castle |
| 36:52 | Li Fangwei · first_building Archery Range |
| 37:19 | Tellyourmumthanksforlastnight · wall_segment Palisade Wall x7 |
| 37:38 | Li Fangwei · age_up imperial |
| 40:05 | 330609350 · first_building Monastery |
| 43:50 | Tellyourmumthanksforlastnight · first_market_sell 100 food |
| 44:43 | JumboFeet19 · first_building Barracks |
| 51:50 | d096520 · wall_segment Stone Wall x3 |
| 52:07 | d096520 · wall_segment Stone Wall x3 |
| 52:54 | violet · wall_segment Stone Wall x1 |
| 54:33 | Tellyourmumthanksforlastnight · wall_segment Palisade Wall x10 |
| 55:29 | violet · first_market_sell 500 wood |
| 56:19 | d096520 · first_building Monastery |
| 56:33 | JumboFeet19 · resign |
[ AI ANALYSIS · 1 CREDIT ]
What really happened in this match?
Wolo.gg analyzes every decision: build order, eco, micro, common mistakes by bracket. Personalized analysis on WhatsApp or Discord in 30 seconds.
Civ guide
Franks
Perfil
Jugador #4180353